 Dungeon Crawl Stone Soup version 0.31.0-9-g3a7656b989 (webtiles) character file.

Game seed: 17209879240259160698

8 Colgate the Poker (level 2, 24/24 HPs)
             Began as a Demonspawn Cinder Acolyte on Jan 30, 2024.
             Was a High Priest of Ignis.
             Quit the game on level 1 of the Dungeon.
             The game lasted 00:00:20 (155 turns).

Colgate the Poker (Demonspawn Cinder Acolyte)        Turns: 155, Time: 00:00:21

Health: 24/24      AC:  9    Str: 14    XL:     2   Next: 0%
Magic:  3/3        EV: 11    Int: 14    God:    Ignis [*****.]
Gold:   22         SH:  0    Dex:  8    Spells: 3/3 levels left

rFire   + . .        a - -1 spear (flame)
rCold   . . .        (no shield)
rNeg    . . .        b - +0 robe
rPois   .            (no helmet)
rElec   .            (no cloak)
rCorr   .            (no gloves)
SInv    .            (no boots)
Will    .....        (no amulet)
Stlth   +            (no ring)
HPRegen 0.24/turn    (no ring)
MPRegen 0.08/turn

%: no passive effects
@: fiery-armoured
A: ignite blood 1
a: Renounce Religion, Fiery Armour, Foxfire Swarm, Rising Flame


You were on level 1 of the Dungeon.
You worshipped Ignis.
Ignis was extremely pleased with you.
You visited 1 branch of the dungeon, and saw 1 of its levels.

You collected 22 gold pieces.

Inventory:

Hand Weapons
 a - a -1 spear of flaming (weapon)
Armour
 b - a +0 robe (worn)


   Skills:
 - Level 3.0 Fighting
 + Level 3.2 Polearms
 - Level 1.0 Spellcasting
 - Level 2.6 Fire Magic


You had 3 spell levels left.
You didn't know any spells.
Your spell library contained the following spells:

 Spells                   Type           Power      Damage    Failure   Level
 Scorch                   Fire           16%        2d5       13%         2


Dungeon Overview and Level Annotations

Branches:
Dungeon (1/15)

Altars:


Innate Abilities, Weirdness & Mutations

Your demonic aura sometimes causes spilled blood to erupt in flames.


Message History

A frilled lizard is nearby!
A frilled lizard is nearby!
You reach to attack!
You hit the frilled lizard. You burn the frilled lizard.
You kill the frilled lizard!
Key pressed, stopping explore.
No target in view!
You now have 22 gold pieces (gained 10).
A rat comes into view.
A rat is nearby!
The rat squeaks loudly.
A rat is nearby!
A rat is nearby!
You hit the rat. You burn the rat.
You kill the rat!
A goblin comes into view. It is wielding a +0 dagger.
A goblin is nearby!
The goblin shouts!
A rat comes into view.
There are monsters nearby!
The rat squeaks loudly.
The rat twitches its whiskers.
A rat comes into view.
There are monsters nearby!
There are monsters nearby!
You hit the goblin. You burn the goblin.
You kill the goblin!
There are monsters nearby!
You hit the rat but do no damage. The rat barely misses you.
The rat bites you but does no damage.
The rat is burned by your cloak of flames.
You kill the rat!
A rat is nearby!
You closely miss the rat.
A rat is nearby!
You hit the rat. You burn the rat.
You kill the rat!
You have reached level 2!
Your demonic ancestry asserts itself...
Your blood heats up.
Are you sure you want to abandon this character and quit the game? (Confirm with "yes".)

...##.###### .#
...........##.# .#
##............# .#
.).##.####.##.# .#
##.##.# #.##.# .#
#.##.####.##.# .# #
#.##.........###.#.##..
#......................
#.#########....@)......
#.# ####.#.#.#### ..#
#.#..# ### #.# #.# ##
##


There were no monsters in sight!

Vanquished Creatures
  A goblin (D:1)
  2 hobgoblins (D:1)
  A ball python (D:1)
  A frilled lizard (D:1)
  A kobold (D:1)
  3 rats (D:1)
9 creatures vanquished.

Notes
Turn   | Place    | Note
-------+----------+-------------------------------------------
     0 | D:1      | Colgate the Demonspawn Cinder Acolyte began the quest for
                  | the Orb.
     0 | D:1      | Reached XP level 1. HP: 18/18 MP: 2/2
   155 | D:1      | Gained mutation: Your demonic aura sometimes causes spilled
                  | blood to erupt in flames. [demonic ancestry]
   155 | D:1      | Reached XP level 2. HP: 24/24 MP: 3/3
   155 | D:1      | Quit the game

Illustrated notes

Levels and vault maps discovered:
D:1:      dpeg_arrival_pond, layout_loops_ring, feat_on_display

Skill      XL: |  1 |
---------------+----+-----
Polearms       | 3 |  3.2
Fighting       | |  3.0
Spellcasting   | |  1.0
Fire Magic     | |  2.6

Action                     || total
---------------------------++-------
  Melee: Spear             ||    23
 Invoke: Fiery Armour      ||     1
 Armour: Robe              ||     8
  Dodge: Dodged            ||     6
